 Dungeon Crawl Stone Soup version 0.21.1-1-g345015fe64 (webtiles) character file.

1230 Lavandula the Geomancer (level 8, -1/61 HPs)
             Began as a Barachi Earth Elementalist on July 4, 2018.
             Was a Priest of Cheibriados.
             Slain by a centaur (7 damage)
             ... on level 6 of the Dungeon.
             The game lasted 00:12:52 (1319 turns).

Lavandula the Geomancer (BaEE)                      Turns: 1319, Time: 00:12:53

Health: -1/61      AC: 13    Str: 15 (17) XL:     8   Next: 48%
Magic:  1/15       EV: 12    Int: 32 (34) God:    Cheibriados [***...]
Gold:   102        SH:  0    Dex: 15 (18) Spells: 3/16 levels left

rFire    . . .     SeeInvis .   m - +0 dagger (protect)
rCold    . . .     Gourm    .   (no shield)
rNeg     + . .     Faith    .   o - +1 leather armour of the Well-Known Beds {Int+6}
rPois    .         Spirit   .   l - +1 helmet
rElec    .         Reflect  .   (no cloak)
rCorr    .         Harm     .   (no gloves)
MR       .....     Clarity  +   (no boots)
Stlth    ++........             (no amulet)
HPRegen  0.20/turn              u - ring of positive energy
MPRegen  0.14/turn              (no ring)

@: brilliant, protection aura, flying (expiring), very slow
A: +LOS, swims, clarity, robust 1, slowness 1, strong legs 1
a: Hop, Bend Time, Temporal Distortion, Renounce Religion


You were on level 6 of the Dungeon.
You worshipped Cheibriados.
Cheibriados was most pleased with you.
You were hungry.

You visited 1 branch of the dungeon, and saw 6 of its levels.
You also visited: Ossuary.

You collected 102 gold pieces.

Inventory:

Hand Weapons
 m - a +0 dagger of protection (weapon)
 n - a +0 dagger of speed
Missiles
 f - 6 curare-tipped needles
 t - 17 stones (quivered)
Armour
 c - a +0 robe
 h - a +0 ring mail
 k - a +0 chain mail
 l - a +1 helmet (worn)
 o - the +1 leather armour of the Well-Known Beds (worn) {Int+6}
   (You found it on level 5 of the Dungeon)

   It affects your intelligence (+6).
Jewellery
 u - a ring of positive energy (left hand)
Scrolls
 i - 2 scrolls of amnesia
 j - 2 scrolls of identify
Potions
 a - 3 potions of mutation
 g - 2 potions of flight
 r - a potion of degeneration
Books
 e - a book of Geomancy

   Spells                             Type                      Level
   a - Sandblast                      Earth                        1
   b - Passwall                       Transmutation/Earth          2
   c - Stone Arrow                    Conjuration/Earth            3
   d - Petrify                        Transmutation/Earth          4
   e - Lee's Rapid Deconstruction     Earth                        5
Comestibles
 d - 7 rations


   Skills:
 + Level 1.8 Fighting
 - Level 2.1 Dodging
 - Level 1.7 Stealth
 - Level 4.7 Spellcasting
 - Level 1.1 Transmutations
 - Level 9.3 Earth Magic


You had 3 spell levels left.
You knew the following spells:

 Your Spells              Type           Power        Failure   Level  Hunger
a - Sandblast             Erth           ######       1%          1    None
b - Stone Arrow           Conj/Erth      ######       1%          3    None
c - Petrify               Tmut/Erth      ######..     1%          4    ###....
d - Lee's Rapid Deconstr  Erth           ######....   1%          5    #####..


Dungeon Overview and Level Annotations

Branches:
Dungeon (6/15)
 Temple: D:4-7

Altars:
Cheibriados
Dithmenos

Shops:
D:5 *[


Innate Abilities, Weirdness & Mutations

Shadows flee at your approach. (+LOS)
You can swim through water.
You cover ground slowly.
You can hop short distances.
You possess an exceptional clarity of mind.
You are robust. (+10% HP)


Message History

Unknown command.
You hit the centaur but do no damage.
The centaur is heavily wounded.
The centaur hits you but does no damage.
The jackal bites you but does no damage.
Unknown command.
You hit the centaur.
The centaur is heavily wounded.
The centaur hits you but does no damage.
The jackal closely misses you. The centaur barely misses you.
You hit the centaur.
The centaur is severely wounded.
The jackal barely misses you.
The centaur hits you but does no damage.
The jackal bites you but does no damage.
You hit the centaur.
The centaur is severely wounded.
You are starting to lose your buoyancy.
The centaur hits you!
You die...

.#.# .#. o. .o#
..# #..#.#
####### ....
#..†..###.)#.##
#.....h@c.....#
#.########.###.#
#.# .#
#.###.#### ..
#........# ###
#..#####.# #
.... #.#.# ####
#<..# #.#.#


You could see a centaur and a jackal.

Vanquished Creatures
  The ghost of zuik the Digger, a novice OpEE (D:5)
  An orc warrior (D:6)
  A sky beast (D:5)
  An ogre (D:5)
  2 elf zombies
  An elf skeleton (D:5)
  A scorpion (D:6)
  A centaur zombie (D:6)
  4 orc priests
  2 human zombies (Ossuary)
  2 orc wizards
  2 mummies (Ossuary)
  An adder (D:5)
  A howler monkey skeleton (D:5)
  A shadow imp (D:5)
  An ooze (D:1)
  An adder zombie (Ossuary)
  2 dart slugs
  9 orcs
  A ball python (D:5)
  A giant cockroach (D:6)
  3 hobgoblins
  3 kobolds
  2 bats
  A goblin zombie (Ossuary)
  10 hobgoblin zombies (Ossuary)
  A jackal zombie (D:5)
  10 kobold zombies (Ossuary)
  8 orc zombies (Ossuary)
  A quokka zombie (D:5)
  5 rats
  3 rat zombies (Ossuary)
84 creatures vanquished.

Notes
Turn   | Place    | Note
-------+----------+-------------------------------------------
     0 | D:1      | Lavandula the Barachi Earth Elementalist began the quest for the Orb.
     0 | D:1      | Reached XP level 1. HP: 13/13 MP: 3/3
    99 | D:1      | Reached XP level 2. HP: 19/19 MP: 1/5
   157 | D:2      | Found a shadowy altar of Dithmenos.
   241 | D:3      | Reached skill level 4 in Earth Magic
   269 | D:3      | Found a snail-covered altar of Cheibriados.
   275 | D:3      | Became a worshipper of Cheibriados the Contemplative
   372 | D:4      | Reached XP level 3. HP: 24/24 MP: 3/7
   377 | D:4      | Learned a level 3 spell: Stone Arrow
   380 | D:4      | Noticed an orc warrior
   448 | D:5      | Entered Level 5 of the Dungeon
   448 | D:5      | Found Eciets's Armour Boutique.
   454 | D:5      | Reached XP level 4. HP: 30/30 MP: 2/9
   501 | D:5      | Got a crude leather armour
   512 | D:5      | Identified the +1 leather armour of the Well-Known Beds {Int+6} (You found it on level 5 of the Dungeon)
   604 | D:5      | Reached XP level 5. HP: 28/35 MP: 6/12
   610 | D:5      | Learned a level 4 spell: Petrify
   623 | D:5      | Learned a level 5 spell: Lee's Rapid Deconstruction
   625 | D:5      | Found a sand-covered staircase.
   648 | Ossuary  | Entered an ossuary
   707 | Ossuary  | Reached * piety under Cheibriados
   767 | Ossuary  | Reached skill level 5 in Earth Magic
   767 | Ossuary  | Reached XP level 6. HP: 36/41 MP: 5/13
   889 | Ossuary  | Reached ** piety under Cheibriados
   984 | Ossuary  | Reached skill level 6 in Earth Magic
  1111 | D:5      | Reached XP level 7. HP: 46/46 MP: 6/14
  1129 | D:5      | Found Gephog's Goods Gallery.
  1144 | D:5      | Noticed zuik's ghost (novice OpEE)
  1145 | D:5      | Killed zuik's ghost
  1145 | D:5      | Reached skill level 7 in Earth Magic
  1175 | D:5      | Reached skill level 8 in Earth Magic
  1175 | D:5      | Reached XP level 8. HP: 52/52 MP: 6/15
  1283 | D:6      | Reached skill level 9 in Earth Magic
  1284 | D:6      | Reached *** piety under Cheibriados
  1286 | D:6      | Gained mutation: You are robust. (+10% HP) [potion of mutation]
  1286 | D:6      | Gained mutation: You possess an exceptional clarity of mind. [potion of mutation]
  1304 | D:6      | Reached skill level 1 in Fighting
  1319 | D:6      | Slain by a centaur

Skill      XL: |  1  2  3  4  5  6  7  8 |
---------------+-------------------------+-----
Earth Magic    | 4 5 6 8 9 |  9.3
Spellcasting   | 3 4 |  4.7
Fighting       | 1 |  1.8
Dodging        | |  2.1
Stealth        | |  1.7
Transmutations | |  1.1

Action                   |  1- 3 |  4- 6 |  7- 9 || total
-------------------------+-------+-------+-------++-------
Melee: Unarmed           |    17 |       |       ||    17
       Dagger            |     3 |   218 |    40 ||   261
 Cast: Sandblast         |    26 |    35 |    15 ||    76
       Lee's Rapid Decon |       |     4 |     5 ||     9
       Stone Arrow       |       |     8 |     3 ||    11
 Abil: Hop               |       |       |     2 ||     2
  Use: Scroll            |     4 |       |     2 ||     6
       Potion            |       |       |     8 ||     8
 Stab: Sleeping          |       |     1 |     2 ||     3
  Eat: Ration            |       |     1 |       ||     1
Armor: Robe              |    12 |     2 |       ||    14
       Leather armour    |       |   107 |    23 ||   130
Dodge: Dodged            |    15 |   148 |    33 ||   196
